 Seeded DCSS version 0.30-a0-930-gb9d0489357 (webtiles) character file.

Game seed: 3125986916090331667 (custom seed)

184 Parcival the Covered (level 5, 0/41 HPs)
             Began as a Human Fighter on Mar 23, 2023.
             Succumbed to a water moccasin's poison
             ... on level 4 of the Dungeon.
             The game lasted 00:04:38 (2568 turns).

Parcival the Covered (Human Fighter)                Turns: 2568, Time: 00:04:38

Health: 0/41       AC: 10    Str: 25    XL:     5   Next: 95%
Magic:  1/5        EV:  8    Int:  9    God:
Gold:   152        SH:  5    Dex: 14    Spells: 4/4 levels left

rFire   . . .      SeeInvis .    e - +3 demon blade (flame)
rCold   . . .      Faith    .    c - +0 buckler
rNeg    + . .      Spirit   +    t - +1 chain mail of Supple Strength {Harm Str+3}
rPois   .          Reflect  .    (no helmet)
rElec   +          Rampage  .    (no cloak)
rCorr   +          Harm     + .  (no gloves)
Will    .....                    (no boots) Stlth
                                 s - amulet of guardian spirit
HPRegen 0.26/turn                i - +6 ring of strength
MPRegen 0.09/turn                o - ring of Rulocuet {*Slow rElec rN+ rCorr Stlth+}

@: lethally poisoned (0 -> -9)
A: no striking features
a: no special abilities


You were on level 4 of the Dungeon.
You visited 1 branch of the dungeon, and saw 4 of its levels.

You collected 152 gold pieces.

Inventory:

Hand Weapons
 a - a +0 long sword of flaming
 e - a +3 demon blade of flaming (weapon)
Armour
 b - a +0 scale mail
 c - a +0 buckler (worn)
 t - the +1 chain mail of Supple Strength (worn) {Harm Str+3}
   (You found it on level 3 of the Dungeon)

   Str:       It affects your strength (+3).
   Harm:      It increases damage dealt and taken.
Jewellery
 i - a +6 ring of strength (left hand)
 j - an amulet of magic regeneration
 k - a ring of wizardry
 n - an amulet of reflection
 o - the ring of Rulocuet (right hand) {*Slow rElec rN+ rCorr Stlth+}
   (You acquired it on level 2 of the Dungeon)

   [ring of positive energy]

   rElec:     It insulates you from electricity.
   rN:        It protects you from negative energy.
   rCorr:     It protects you from acid and corrosion.
   *Slow:     It may slow you when you take damage.
   Stlth:     It makes you more stealthy.
 s - an amulet of guardian spirit (around neck)
Wands
 p - a wand of flame (7)
Scrolls
 f - 3 scrolls of teleportation
Potions
 d - 2 potions of might
 g - 3 potions of degeneration
 h - 2 potions of heal wounds
 l - a potion of resistance
 m - a potion of lignification
 u - a potion of brilliance {unknown}


   Skills:
 + Level 3.4 Fighting
 + Level 4.0 Long Blades
 + Level 4.4 Armour
 + Level 0.7 Dodging
 + Level 3.1 Shields


You had 4 spell levels left.
You didn't know any spells.
Your spell library contained the following spells:

 Spells                   Type           Power      Damage    Failure   Level
 Sandblast                Erth           0%         2d4       98%         1
 Passwall                 Tmut/Erth      0%         N/A       99%         2
 Stone Arrow              Conj/Erth      0%         3d7       100%        3


Dungeon Overview and Level Annotations

Branches:
Dungeon (4/15)
 Temple: D:4-7

Altars:
Okawaru

Shops:
D:3 :


Message History

You barely miss the water moccasin.
The water moccasin bites you but does no damage.
The water moccasin bites you!
You are poisoned.
The water moccasin poisons you!
You hit the water moccasin. You burn the water moccasin.
The water moccasin is moderately wounded.
You feel very sick.
The water moccasin bites you but does no damage.
You closely miss the water moccasin.
The water moccasin is moderately wounded.
You feel very sick. You block the water moccasin's attack.
The water moccasin barely misses you.
You barely miss the water moccasin.
The water moccasin is moderately wounded.
You feel sick.
The water moccasin bites you but does no damage. x2
You closely miss the water moccasin.
The water moccasin is moderately wounded.
You feel sick. The water moccasin bites you.
You are lethally poisoned!
The water moccasin poisons you! The water moccasin barely misses you.
You barely miss the water moccasin.
The water moccasin is moderately wounded.
You feel very sick. The water moccasin closely misses you.
You barely miss the water moccasin.
The water moccasin is moderately wounded.
* * * LOW HITPOINT WARNING * * *
You feel very sick. The water moccasin bites you.
The water moccasin closely misses you.
You closely miss the water moccasin.
The water moccasin is moderately wounded.
* * * LOW HITPOINT WARNING * * *
You feel very sick. The water moccasin bites you.
* * * LOW HITPOINT WARNING * * *
You slash the water moccasin! You burn the water moccasin.
The water moccasin is almost dead.
You die...

### .. ###
# #. ..# #.
#.### #..
#.#...###.#
#.......#S#
####.##.#@#
#.##...#
###)####.#
#<..# #.#
##### #..
##.. ###


You could see a water moccasin.

Vanquished Creatures
  A jelly (D:4)
  Natasha (thrice) (D:2)
  A gnoll (D:1)
  An adder (D:2)
  A worm (D:2)
  A dart slug (D:2)
  An orc (D:3)
  4 endoplasms
  A giant cockroach (D:2)
  8 goblins
  4 hobgoblins
  2 jackals (D:4)
  2 quokkas
  8 ball pythons
  4 bats
  2 frilled lizards
  8 kobolds
  4 rats
56 creatures vanquished.

Vanquished Creatures (others)
  A plant (D:3)
1 creature vanquished.

Grand Total: 57 creatures vanquished

Notes
Turn   | Place    | Note
-------+----------+-------------------------------------------
     0 | D:1      | Parcival the Human Fighter began the quest for the Orb.
     0 | D:1      | Reached XP level 1. HP: 18/18 MP: 1/1
    20 | D:1      | Identified a scroll of acquirement
    20 | D:1      | Acquired a +2 demon blade of flaming
    74 | D:1      | Reached XP level 2. HP: 24/24 MP: 2/2
   588 | D:1      | Reached XP level 3. HP: 13/29 MP: 3/3
   970 | D:2      | Reached XP level 4. HP: 35/35 MP: 4/4
  1153 | D:2      | Noticed Natasha
  1158 | D:2      | Killed Natasha
  1438 | D:2      | Noticed Natasha
  1444 | D:2      | Killed Natasha
  1445 | D:2      | Reached XP level 5. HP: 28/41 MP: 5/5
  1748 | D:2      | Noticed Natasha
  1752 | D:2      | Killed Natasha
  1770 | D:2      | Acquired the ring of Rulocuet {*Slow rElec rN+ rCorr
                  | Stlth+}
  1816 | D:3      | Found an iron altar of Okawaru.
  1959 | D:3      | Found Digoh's Book Boutique.
  2077 | D:3      | Identified the +1 chain mail of Supple Strength {Harm
                  | Str+3}
  2556 | D:4      | Noticed a water moccasin
  2567 | D:4      | HP: 2/41 [water moccasin (5)]
  2568 | D:4      | Succumbed to a water moccasin's poison

Illustrated notes

Levels and vault maps discovered:
D:1:      amcnicky_arrival_single_pillar, layout_loops_cross,
          hangedman_glass_garden
D:2:      layout_loops_ring, dk_vineyard_1, uniq_natasha
D:3:      layout_basic, mainiacjoe_overflow_catwalk, serial_forest,
          infiniplex_forest_zigzag_1, infiniplex_forest_split,
          infiniplex_forest_end_double, infiniplex_forest_lined_room_,
          infiniplex_forest_corner_1, infiniplex_forest_lined_room_2,
          serial_shops, nicolae_shop_hallway_stairs
D:4:      layout_basic, old_standard_altar

Skill      XL: |  1  2  3  4  5 |
---------------+----------------+-----
Long Blades    | 3 4 |  4.0
Armour         | 4 |  4.4
Fighting       | |  3.4
Dodging        | |  0.7
Shields        | |  3.1

Action                     |  1- 3 |  4- 6 || total
---------------------------+-------+-------++-------
  Melee: Demon blade       |    52 |    67 ||   119
    Use: Scroll            |     3 |     9 ||    12
 Armour: Scale mail        |    44 |    27 ||    71
         Chain mail        |       |    19 ||    19
  Dodge: Dodged            |    27 |    36 ||    63
  Block: Buckler           |    12 |    16 ||    28

Table legend: (Time is in decaauts)
 A = Elapsed time spent in this place.
 B = Non-inter-level travel time spent in this place.
 C = Inter-level travel time spent in this place.
 D = Time resting spent in this place.
 E = Time spent auto-exploring this place.
 F = Levels seen in this place.
 G = Mean time per level.
                   A        B        C        D        E       F      G
               +--------+--------+--------+--------+--------+-----+--------+
         Total |   2590 |   2345 |    245 |      3 |   1771 |   4 |  647.5 |
       Dungeon |   2590 |   2345 |    245 |      3 |   1771 |   4 |  647.5 |
               +--------+--------+--------+--------+--------+-----+--------+

Top non-repeatable levels by time:
     D:2: 1034 daAuts
     D:1: 770 daAuts
     D:3: 705 daAuts
     D:4: 80 daAuts
